 Dungeon Crawl Stone Soup version 0.27.1-33-g824d729ab1 (webtiles) character file.

Game seed: 17100696703855617190

57 Garessta the Sneak (level 3, -7/16 HPs)
             Began as a Spriggan Enchanter on Dec 13, 2021.
             Killed from afar by Ijyb (10 damage)
             ... with a puff of flame
             ... on level 3 of the Dungeon.
             The game lasted 00:05:54 (2837 turns).

Garessta the Sneak (Spriggan Enchanter)             Turns: 2837, Time: 00:05:55

Health: -7/16      AC:  2    Str:  4    XL:     3   Next: 73%
Magic:  8/8        EV: 17    Int: 16    God:
Gold:   64         SH:  0    Dex: 16    Spells: 2/8 levels left

rFire    . . .     SeeInvis +   a - +1 dagger
rCold    . . .     Faith    .   (shield restricted)
rNeg     . . .     Spirit   .   b - +0 robe
rPois    .         Reflect  .   (helmet restricted)
rElec    .         Harm     .   (no cloak)
rCorr    .         Rampage  .   (gloves unavailable)
Will     .....                  (boots unavailable)
Stlth    +++.......             (no amulet)
HPRegen  0.05/turn              h - ring of flight
MPRegen  0.11/turn              (no ring)

@: flying, very quick
A: very small, no large weapons, unfitting armour, see invisible, speed 3, claws
1
a: no special abilities


You were on level 3 of the Dungeon.
You visited 1 branch of the dungeon, and saw 3 of its levels.

You collected 64 gold pieces.

Inventory:

Hand Weapons
 a - a +1 dagger (weapon)
Armour
 b - a +0 robe (worn)
Jewellery
 h - a ring of flight (left claw)
 l - an amulet of faith
Scrolls
 j - a scroll of noise {unknown}
 k - a scroll of enchant armour {unknown}
 m - a scroll of immolation {unknown}
 n - a scroll of amnesia {unknown}
Potions
 c - a potion of mutation
 d - a potion of degeneration {unknown}
 e - a potion of cancellation {unknown}
 f - a potion of heal wounds {unknown}
 g - a potion of might {unknown}
 i - a potion of brilliance {unknown}


   Skills:
 - Level 1.1 Short Blades
 - Level 2.6 Dodging
 + Level 5.6 Stealth
 - Level 3.1 Spellcasting
 * Level 4.8 Hexes


You had 2 spell levels left.
You knew the following spells:

 Your Spells              Type           Power      Damage    Failure   Level
a - Corona                Hex            18%        N/A       2%          1
b - Ensorcelled Hibernat  Hex/Ice        20%        N/A       11%         2
c - Confusing Touch       Hex            17%        N/A       8%          3

Your spell library contained the following spells:

 Spells                   Type           Power      Damage    Failure   Level
 Tukima's Dance           Hex            17%        N/A       8%          3
 Dazzling Flash           Conj/Hex       20%        N/A       21%         3


Dungeon Overview and Level Annotations

Branches:
Dungeon (3/15)

Altars:
Yredelemnul

Shops:
D:2 ?

Annotations:
D:3 Ijyb, Purgy


Innate Abilities, Weirdness & Mutations

You are very small and have problems with some larger weapons.
You are too small for most types of armour.
You have supernaturally acute eyesight. (SInv)
You cover ground extremely quickly. (Speed+++)
You have sharp fingernails.


Message History

There is a stone staircase leading up here.
A kobold comes into view.
It is wielding a +0 club and quivering poisoned darts.
The helpless Purgy fails to defend himself.
You impale Purgy!!
Purgy is severely wounded.
The bat completely misses you. Purgy bites you but does no damage.
Purgy completely misses you. Purgy claws you. The bat closely misses you.
The bat misses you.
There is a stone staircase leading up here.
The bat barely misses you.
You fly upwards.
There is a stone staircase leading down here.
Aiming: Ensorcelled Hibernation (safe; 11% risk of failure)
Press: ? - help, Q - select action, (/) - cycle Shift-Dir - straight line, f - you
Okay, then.
There is a stone staircase leading down here.
You fly downwards.
Level annotation: Ijyb, Purgy
Found a ring of flight.
There is a stone staircase leading up here.
Ijyb is nearby!
HP restored.
You fly upwards.
There is a stone staircase leading down here.
You fly downwards.
Level annotation: Ijyb, Purgy
There is a stone staircase leading up here.
You fly upwards.
There is a stone staircase leading down here.
You fly downwards.
Level annotation: Ijyb, Purgy Ijyb zaps a wand.
The puff of flame misses you.
Ijyb zaps a wand.
The puff of flame hits you!
Ouch! That really hurt!
* * * LOW HITPOINT WARNING * * *
There is a stone staircase leading up here.
Ijyb zaps a wand.
The puff of flame hits you!
Ouch! That really hurt!
You die...

......# ......#
.......### ##.......#
.........####........#
.........##..........#
.............#.......#
.........#g..........#
.......@...##........#
......=....##..g.....#
...........# #.......#
...........###g......#
...........#..<......#
...........#.###..####
...........#. #.#
............ .# #. .#


You could see Ijyb.

Vanquished Creatures
  An adder (D:2)
  2 dart slugs (D:2)
  3 endoplasms (D:1)
  2 giant cockroaches (D:1)
  5 hobgoblins
  2 jackals (D:2)
  A quokka (D:1)
  6 ball pythons
  7 bats
  4 frilled lizards
  5 goblins
  6 rats
44 creatures vanquished.

Notes
Turn   | Place    | Note
-------+----------+-------------------------------------------
     0 | D:1      | Garessta the Spriggan Enchanter began the quest for the
                  | Orb.
     0 | D:1      | Reached XP level 1. HP: 9/9 MP: 5/5
   620 | D:1      | Reached XP level 2. HP: 10/13 MP: 6/6
   623 | D:1      | Learned a level 2 spell: Ensorcelled Hibernation
  1059 | D:1      | Reached skill level 5 in Stealth
  1125 | D:1      | You fall into a shaft and drop 1 floor!
  1422 | D:2      | Gained mutation: You have sharp fingernails. [potion of
                  | mutation]
  1422 | D:2      | Gained mutation: You have large cloven feet. [potion of
                  | mutation]
  1422 | D:2      | Lost mutation: You have large cloven feet. [potion of
                  | mutation]
  1466 | D:2      | Found a basalt altar of Yredelemnul.
  1484 | D:2      | Reached XP level 3. HP: 16/16 MP: 8/8
  1486 | D:2      | Found Ysob's Magic Scroll Shoppe.
  1656 | D:2      | Learned a level 3 spell: Confusing Touch
  2642 | D:2      | Found a faded altar of an unknown god.
  2719 | D:3      | Noticed Ijyb
  2775 | D:3      | Noticed Purgy
  2837 | D:3      | Killed from afar by Ijyb

Illustrated notes

Levels and vault maps discovered:
D:1:      dpeg_arrival_stone_temple_mockup, layout_loops_ring
D:2:      layout_basic, basic_altar, serial_shops, nicolae_shop_waterfront,
          shapermc_ecumenical_altar_mp_vishouse
D:3:      layout_rooms, mainiacjoe_overflow_catwalk,
          gammafunk_ghost_nasty_kobolds, uniq_ijyb, uniq_purgy

Skill      XL: |  1  2  3 |
---------------+----------+-----
Hexes          | 4 |  4.8
Stealth        | 5 |  5.6
Spellcasting   | 3 |  3.1
Short Blades   | |  1.1
Dodging        | |  2.6

Action                   || total
-------------------------++-------
Melee: Dagger            ||   141
 Cast: Ensorcelled Hiber ||    18
  Use: Scroll            ||     2
       Potion            ||     1
 Stab: Sleeping          ||    23
Armor: Robe              ||    13
Dodge: Dodged            ||   110
